 Dungeon Crawl Stone Soup version 0.31-a0-879-g1609e0ac53 (webtiles) character file.

Game seed: 142261712297552947

10350 Darius099 the Severer (level 11, -13/89 (95) HPs)
             Began as a Minotaur Fighter on Oct 14, 2023.
             Was a High Priest of Okawaru.
             Mangled by a death scarab (19 damage)
             ... in a Gauntlet.
             The game lasted 00:27:57 (8835 turns).

Darius099 the Severer (Minotaur Fighter)            Turns: 8835, Time: 00:27:57

HP:   -13/89 (95)   AC: 12    Str: 26    XL:     11   Next: 35%
MP:   10/10         EV:  9    Int:  5    God:    Okawaru [*****.]
Gold: 810           SH:  6    Dex:  9    Spells: 10/10 levels left

rFire   . . .        a - +0 war axe
rCold   . . .        b - +2 buckler
rNeg    . . .        M - +3 scale mail
rPois   .            N - +0 hat of Parlour Games {Rampage +Inv rCorr}
rElec   .            r - +0 cloak
rCorr   +            y - +1 Delatra's gloves {ID++}
SInv    .            (no boots)
Will    .....        x - amulet of regeneration Stlth
                     I - ring of resist corrosion
HPRegen 1.14/turn    (no ring)
MPRegen 0.12/turn

%: no teleportation, rampage
@: slowed, drained, very slow
A: horns 2, retaliatory headbutt, deformed body
a: Renounce Religion, Evoke Invisibility, Heroism, Finesse, Duel


You were in a Gauntlet.
You worshipped Okawaru.
Okawaru was extremely pleased with you.
You visited 2 branches of the dungeon, and saw 12 of its levels.
You also visited: Gauntlet.

You collected 810 gold pieces.

Inventory:

Hand Weapons
 a - a +0 war axe (weapon)
Armour
 b - a +2 buckler (worn)
 r - a +0 cloak (worn)
 y - the +1 Delatra's gloves (worn) {ID++}
   (You found it on level 4 of the Dungeon)

   ID++:      It heals its wearer when they drink unknown potions, and restores
   their MP when they read unknown scrolls.
 L - a +0 plate armour
 M - a +3 scale mail (worn)
 N - the +0 hat of Parlour Games (worn) {Rampage +Inv rCorr}
   (You found it in a Gauntlet)

   +Inv:      It lets you turn invisible.
   rCorr:     It protects you from acid and corrosion.
   Rampage:   It bestows one free step when moving towards enemies.
Jewellery
 x - an amulet of regeneration (around neck)
 I - a ring of resist corrosion (left hand)
Wands
 u - a wand of mindburst (29)
 J - a wand of roots (8)
 K - a wand of light (5)
Scrolls
 e - a scroll of blinking {unknown}
 f - 16 scrolls of identify {unknown}
 g - a scroll of immolation
 h - 4 scrolls of teleportation {unknown}
 j - a scroll of acquirement {unknown}
 m - 2 scrolls of enchant armour {unknown}
 t - 2 scrolls of amnesia {unknown}
 v - 2 scrolls of revelation {unknown}
 A - a scroll of vulnerability {unknown}
 B - 3 scrolls of poison {unknown}
 D - a scroll of torment {unknown}
 E - a scroll of fear {unknown}
 H - a scroll of silence {unknown}
Potions
 c - a potion of mutation
 d - 2 potions of might
 i - 3 potions of heal wounds {unknown}
 k - 3 potions of berserk rage {unknown}
 l - a potion of magic {unknown}
 n - 4 potions of attraction {unknown}
 o - a potion of invisibility {unknown}
 p - 2 potions of cancellation {unknown}
 q - 7 potions of curing
 s - 4 potions of degeneration {unknown}
 w - 4 potions of brilliance {unknown}
 z - 2 potions of resistance {unknown}
 C - a potion of lignification {unknown}
 G - 2 potions of enlightenment {unknown}


   Skills:
 + Level 8.7 Fighting
 - Level 18.0 Axes
 + Level 8.7 Armour
 - Level 3.6 Shields


You had 10 spell levels left.
You didn't know any spells.
Your spell library contained the following spells:

 Spells                   Type           Power      Damage    Failure   Level
 Freeze                   Ice            0%         1d3       78%         1
 Magic Dart               Conj           0%         1d3       78%         1
 Frozen Ramparts          Ice            0%         1d1       98%         3
 Hailstorm                Conj/Ice       0%         3d3       98%         3
 Mephitic Cloud           Conj/Pois/Air  0%         N/A       98%         3
 Petrify                  Tmut/Erth      0%         N/A       100%        4
 Metabolic Englaciation   Hex/Ice        0%         N/A       100%        5
 Call Imp                 Summ           Unusable   N/A       N/A         2

Dungeon Overview and Level Annotations

Branches:
Dungeon (11/15)            Temple (1/1) D:6            Lair (0/5) D:8
    Orc (0/2) D:9         Gauntlet (1/1)

Altars:
Ashenzari
Cheibriados
Dithmenos
Elyvilon
Fedhas
Gozag
Hepliaklqana
Kikubaaqudgha
Makhleb
Nemelex Xobeh
Okawaru
Qazlal
Ru
Sif Muna
Trog
Uskayaw
Vehumet
Wu Jian
Xom
Yredelemnul
Zin
The Shining One

Shops:
D:3 ?

Portals:
Trove: D:10 (give +2 gold dragon scales)

Annotations:
Gauntlet 11 transporters, 4 runed translucent doors


Innate Abilities, Weirdness & Mutations

You have a pair of horns on your head.
You reflexively headbutt those who attack you in melee.
Armour fits poorly on your strangely shaped body.


Message History

The death scarab draws strength from your injuries!
The hell hound stops to sniff the ground.
The death scarab bites you! The death scarab drains your vigour!
You feel as though you will be slow longer.
The death scarab draws strength from your injuries!
The death scarab bites you!!
* * * LOW HITPOINT WARNING * * *
The death scarab draws strength from your injuries!
You block the spectral seven-headed hydra's attack.
The spectral seven-headed hydra bites you but does no damage.
The spectral seven-headed hydra bites you.
* * * LOW HITPOINT WARNING * * *
You feel drained.
You block the spectral seven-headed hydra's attack.
The spectral seven-headed hydra bites you but does no damage.
You block the spectral seven-headed hydra's attack.
The spectral seven-headed hydra bites you but does no damage.
Unknown command.
It was a potion of curing.
You feel better.
The energy of discovery flows from your fingertips!
You feel much better.
The death scarab bites you but does no damage.
The death scarab bites you!!
* * * LOW HITPOINT WARNING * * *
The death scarab drains your vigour!
You feel as though you will be slow longer.
The death scarab draws strength from your injuries!
The death scarab barely misses you. You furiously retaliate!
You headbutt the death scarab.
The spectral seven-headed hydra bites you but does no damage.
The spectral seven-headed hydra barely misses you.
You block the spectral seven-headed hydra's attack.
The spectral seven-headed hydra bites you but does no damage. x2
You block the spectral seven-headed hydra's attack.
The spectral seven-headed hydra bites you.
* * * LOW HITPOINT WARNING * * *
You feel drained.
* * * LOW HITPOINT WARNING * * *
The death scarab bites you!!
You die...

≈..####©####.####☼^#.#.#...©...#.
#..#.w.#...#.#^..○○#.#.#.#####.#.
≈..#.#####w#.#.####○°#.#.......#.
#..#......w#.#..hEE☼.#.#kZZ....#.
≈..#############################.
##...#.©.........©.........©.#.§§
#≈...#...........©...........#.§§
###..#########################.§#
#≈.........#..B@©$:..#.........≈
###........#..Z#.#...#..§.....##
#§#≈#≈#..#....#....#..#≈#≈#≈#
#######..#.#..#..#.#..#######
#≈..#.#######.#..≈#
#######..#.#.©#..#.#..#######
#≈#≈#≈#..#....#....#..#≈#§#≈#
###........#...###...#........##
#≈.........#.........#.........≈


You could see a spectral seven-headed hydra, 2 swamp worms, 2 fire elementals, a
death scarab and a hell hound.

Vanquished Creatures
  A centaur warrior (D:9)
  4 two-headed ogres
  A shining eye (Gauntlet)
  Joseph (D:10)
  An unseen horror (D:10)
  A guardian mummy (D:10)
  A troll (D:11)
  2 wraiths (D:10)
  A wyvern (D:9)
  4 yaks (D:11)
  A golden eye (Gauntlet)
  2 vampire mosquitoes (D:10)
  2 wargs (D:8)
  A steam dragon (D:8)
  2 acid dragons
  2 water moccasins
  A floating eye (Gauntlet)
  3 orc warriors
  An ice beast (D:8)
  4 ogres
  3 centaurs
  2 phantoms (D:5)
  5 kobold brigands
  2 bullfrogs
  2 gnoll sergeants
  2 scorpions
  7 killer bees
  5 howler monkeys (D:8)
  A vampire bat (D:10)
  2 jellies
  5 hounds
  A gnoll bouda (D:6)
  9 orc priests
  Ijyb (D:3)
  9 orc wizards
  2 sleepcaps
  Natasha (D:3)
  2 iguanas
  11 gnolls
  11 adders
  3 river rats (D:5)
  2 shadow imps
  A white imp (D:7)
  2 ufetubi (D:7)
  3 worms
  A dart slug (D:2)
  42 orcs
  11 ball pythons
  9 endoplasms
  4 giant cockroaches
  10 goblins
  10 hobgoblins
  7 jackals
  27 kobolds
  3 quokkas
  11 bats
  A frilled lizard (D:2)
  4 rats
270 creatures vanquished.

Vanquished Creatures (others)
  An orc wizard (D:9)
  A kobold (D:9)
2 creatures vanquished.

Grand Total: 272 creatures vanquished

Notes
Turn   | Place    | Note
-------+----------+-------------------------------------------
     0 | D:1      | Darius099 the Minotaur Fighter began the quest for the Orb.
     0 | D:1      | Reached XP level 1. HP: 19/19 MP: 0/0
    63 | D:1      | Found a faded altar of an unknown god.
    70 | D:1      | Reached skill level 3 in Axes
   135 | D:1      | Reached XP level 2. HP: 23/26 MP: 1/1
   362 | D:1      | Reached skill level 4 in Axes
   712 | D:2      | Reached XP level 3. HP: 30/31 MP: 2/2
   989 | D:2      | Reached skill level 5 in Axes
  1597 | D:3      | Reached XP level 4. HP: 39/39 MP: 3/3
  1682 | D:3      | Noticed Natasha
  1693 | D:3      | Found an ancient bone altar of Kikubaaqudgha.
  1693 | D:3      | Found a blossoming altar of Fedhas.
  1699 | D:3      | Killed Natasha
  1700 | D:3      | Reached skill level 6 in Axes
  2074 | D:3      | Found Ykyuppux's Magic Scroll Shoppe.
  2191 | D:3      | Noticed Ijyb
  2201 | D:3      | Killed Ijyb
  2202 | D:3      | Reached XP level 5. HP: 38/45 MP: 4/4
  2337 | D:3      | Reached skill level 7 in Axes
  2606 | D:4      | Reached XP level 6. HP: 48/51 MP: 5/5
  2691 | D:4      | Found the +1 Delatra's gloves {ID++}
  2986 | D:4      | Found a hide-covered altar of Uskayaw.
  3109 | D:5      | Entered Level 5 of the Dungeon
  3303 | D:5      | Reached skill level 8 in Axes
  3450 | D:5      | Reached skill level 9 in Axes
  3450 | D:5      | Reached XP level 7. HP: 40/57 MP: 6/6
  3657 | D:5      | Reached skill level 10 in Axes
  3679 | D:5      | Found a glowing golden altar of the Shining One.
  3679 | D:5      | Found a glowing silver altar of Zin.
  3680 | D:5      | Found a white marble altar of Elyvilon.
  4045 | D:6      | Reached skill level 11 in Axes
  4097 | D:6      | Reached XP level 8. HP: 47/64 MP: 7/7
  4148 | D:6      | Reached skill level 12 in Axes
  4200 | D:6      | Found a sparkling altar of Nemelex Xobeh.
  4229 | D:6      | Found a staircase to the Ecumenical Temple.
  4244 | Temple   | Entered the Ecumenical Temple
  4253 | Temple   | Became a worshipper of Warmaster Okawaru
  4788 | D:6      | Found a burning altar of Makhleb.
  4865 | D:7      | Reached skill level 13 in Axes
  5070 | D:7      | Reached * piety under Okawaru
  5369 | D:8      | Reached skill level 14 in Axes
  5369 | D:8      | Reached XP level 9. HP: 55/70 MP: 8/8
  5435 | D:8      | Found a staircase to the Lair.
  5604 | D:8      | Reached skill level 15 in Axes
  5769 | D:8      | Reached ** piety under Okawaru
  6179 | D:8      | Reached skill level 16 in Axes
  6304 | D:9      | Noticed a two-headed ogre
  6314 | D:9      | Killed a two-headed ogre
  6314 | D:9      | Reached *** piety under Okawaru
  6382 | D:9      | Reached XP level 10. HP: 39/77 MP: 9/9
  6391 | D:9      | Reached skill level 17 in Axes
  6401 | D:10     | Entered Level 10 of the Dungeon
  6445 | D:10     | Noticed Joseph
  6606 | D:9      | Found a staircase to the Orcish Mines.
  6899 | D:9      | Noticed a centaur warrior
  6927 | D:9      | Killed a centaur warrior
  6927 | D:9      | Reached **** piety under Okawaru
  6928 | D:9      | Reached skill level 18 in Axes
  7426 | D:10     | Noticed a two-headed ogre
  7438 | D:10     | Killed a two-headed ogre
  7439 | D:10     | Reached skill level 5 in Fighting
  7439 | D:10     | Reached skill level 5 in Armour
  7532 | D:10     | Killed Joseph
  7724 | D:10     | Reached ***** piety under Okawaru
  8027 | D:10     | Found a portal to a secret trove of treasure.
  8043 | D:10     | Reached XP level 11. HP: 44/90 MP: 10/10
  8290 | D:11     | Noticed a two-headed ogre
  8304 | D:11     | Killed a two-headed ogre
  8376 | D:11     | Noticed a two-headed ogre
  8383 | D:11     | Killed a two-headed ogre
  8542 | D:11     | Found a gate leading to a gauntlet.
  8551 | Gauntlet | Entered a Gauntlet
  8551 | Gauntlet | Found a transporter.
  8551 | Gauntlet | Found a transporter.
  8553 | Gauntlet | Noticed a shining eye
  8564 | Gauntlet | Found a transporter.
  8580 | Gauntlet | Found a transporter.
  8581 | Gauntlet | Found a transporter.
  8581 | Gauntlet | Found a transporter.
  8584 | Gauntlet | Found a transporter.
  8584 | Gauntlet | Found a transporter.
  8595 | Gauntlet | Found a transporter.
  8608 | Gauntlet | Found a transporter.
  8623 | Gauntlet | Found a transporter.
  8625 | Gauntlet | Noticed a death drake
  8637 | Gauntlet | Found a transporter.
  8651 | Gauntlet | Noticed a death scarab
  8658 | Gauntlet | Found a transporter.
  8659 | Gauntlet | Found a runed translucent door.
  8660 | Gauntlet | Found a runed translucent gate.
  8660 | Gauntlet | Found a runed translucent gate.
  8660 | Gauntlet | Found a runed translucent gate.
  8671 | Gauntlet | Found a transporter.
  8728 | Gauntlet | Paralysed by a floating eye for 4 turns
  8737 | Gauntlet | Paralysed by a floating eye for 2 turns
  8741 | Gauntlet | Paralysed by a floating eye for 4 turns
  8750 | Gauntlet | Gained mutation: Armour fits poorly on your strangely
                  | shaped body. [a shining eye]
  8761 | Gauntlet | Killed a shining eye
  8794 | Gauntlet | Identified the +0 hat of Parlour Games {Rampage +Inv rCorr}
  8835 | Gauntlet | Mangled by a death scarab

Illustrated notes

Levels and vault maps discovered:
D:1:      erik_arrival_triangle_small, layout_basic,
          hellmonk_ecumenical_altar_blasted, nrook_uturn
D:2:      layout_basic
D:3:      layout_rooms, grunt_temple_overflow_growth_and_decay, serial_shops,
          nicolae_shop_rolling_square, serial_corexii_hall,
          corexii_hall_statues_l, chequers_hall_statues_wall_a,
          chequers_hall_statues_wall_a, chequers_hall_statues_wall_a,
          corexii_hall_statues_x, corexii_hall_statues_x,
          amcnicky_mini_corridor_feature, kennysheep_nub, minmay_snake_closets,
          uniq_ijyb, uniq_natasha
D:4:      layout_rooms, nicolae_uskayaw_suspiria, kennysheep_another_room
D:5:      layout_loops_ring, good_gods_temple_1, portal_sewer_entry_e
D:6:      layout_basic, nemelex_dance_club_becter, lightli_temple_of_fire,
          minmay_temple_entry_proselytizer, kennysheep_path_1,
          serial_bayou_pond_a, minivault_10, item_on_display_a
D:7:      layout_rooms
D:8:      layout_basic, erik_lair_orcish_takeover, nicolae_underground_beach
D:9:      layout_loops_ring, erik_orc_3, hangedman_abyss_or_decor_passed,
          kennysheep_boxes
D:10:     layout_rooms, enter_bailey_4, nicolae_trove_entry_path_of_doom,
          roderic_batcave, uniq_joseph
D:11:     layout_stronghold, gauntlet_entry_generic, serial_shops,
          nicolae_shop_back_alley_shop, minivault_23
Temple:   eino_temple_lava
Gauntlet: gammafunk_gauntlet_mixed_choke_point [minmay_gauntlet_arena_77_fan,
          minmay_gauntlet_arena_77_path, minmay_gauntlet_arena_77_run_for_it,
          nicolae_gauntlet_arena_t_cross, minmay_gauntlet_arena_77_two_paths,
          minmay_gauntlet_arena_77_radiant_squares,
          minmay_gauntlet_arena_77_chump_sandwich, gauntlet_exit_watery]

Skill      XL: |  1  2  3  4  5  6  7  8  9 10 11 |
---------------+----------------------------------+-----
Axes           | 3 4 5 6 7 9 11 14 16 18 | 18.0
Fighting       | 7 8 |  8.7
Armour         | 7 8 |  8.7
Shields        | |  3.6

Action                     |  1- 3 |  4- 6 |  7- 9 | 10-12 || total
---------------------------+-------+-------+-------+-------++-------
  Melee: War axe           |    93 |   166 |   245 |   264 ||   768
         Headbutt          |     9 |    14 |    40 |    49 ||   112
    Use: Potion            |       |       |       |     1 ||     1
 Armour: Scale mail        |    77 |    99 |   198 |   281 ||   655
  Dodge: Dodged            |    53 |    56 |   102 |   105 ||   316
  Block: Buckler           |    27 |    38 |    43 |    68 ||   176

Table legend: (Time is in decaauts)
 A = Elapsed time spent in this place.
 B = Non-inter-level travel time spent in this place.
 C = Inter-level travel time spent in this place.
 D = Time resting spent in this place.
 E = Time spent auto-exploring this place.
 F = Levels seen in this place.
 G = Mean time per level.
                   A        B        C        D        E       F      G
               +--------+--------+--------+--------+--------+-----+--------+
         Total |   8810 |   8620 |    190 |    729 |   4070 |  13 |  677.7 |
       Dungeon |   8511 |   8321 |    190 |    729 |   4070 |  11 |  773.7 |
        Temple |     18 |     18 |      0 |      0 |      0 |   1 |   18.0 |
      Gauntlet |    280 |    280 |      0 |      0 |      0 |   1 |  280.0 |
               +--------+--------+--------+--------+--------+-----+--------+

Top non-repeatable levels by time:
     D:9: 1071 daAuts
     D:3: 1026 daAuts
     D:5: 920 daAuts
     D:8: 908 daAuts
     D:2: 849 daAuts
    D:10: 795 daAuts
     D:6: 781 daAuts
     D:1: 654 daAuts
     D:4: 624 daAuts
     D:7: 530 daAuts
    D:11: 349 daAuts
Gauntlet: 280 daAuts
  Temple: 18 daAuts
